 Dungeon Crawl Stone Soup version 0.29.1-13-g9f3cf754e1 (webtiles) character file.

Game seed: 15898456225546241694

72 protoss039 the Digger (level 4, 33/33 HPs)
             Began as a Demonspawn Earth Elementalist on Feb 9, 2023.
             Got out of the dungeon alive.
             The game lasted 00:04:42 (3096 turns).

protoss039 the Digger (DsEE)                        Turns: 3096, Time: 00:04:43

Health: 33/33      AC: 10    Str:  9    XL:     4   Next: 6%
Magic:  8/8        EV: 12    Int: 23    God:
Gold:   75         SH:  0    Dex: 13    Spells: 2/8 levels left

rFire   . . .      SeeInvis .   t - +7 hand axe of Plunder {flame, rN+ Int+5}
rCold   . . .      Faith    .   (no shield)
rNeg    + . .      Spirit   .   a - +0 robe
rPois   .          Reflect  .   (no helmet)
rElec   .          Harm     .   (no cloak)
rCorr   .          Rampage  .   (no gloves)
Will    .....                   (no boots)
Stlth   ++........              (no amulet)
HPRegen 0.11/turn               f - +4 ring of protection
MPRegen 0.11/turn               k - +4 ring of protection

@: no status effects
A: claws 1, demonic guardian 1
a: no special abilities


You escaped.
You visited 1 branch of the dungeon, and saw 3 of its levels.

You collected 128 gold pieces.
You spent 53 gold pieces at shops.

Inventory:

Hand Weapons
 t - the +7 hand axe of Plunder (weapon) {flame, rN+ Int+5}
   (You found it on level 2 of the Dungeon)

   It burns those it strikes, dealing additional fire damage.
   Big, fiery blades are also staple armaments of hydra-hunters.
   Int:       It affects your intelligence (+5).
   rN:        It protects you from negative energy.
Armour
 a - a +0 robe (worn)
Jewellery
 f - a +4 ring of protection (left claw)
 j - an amulet of guardian spirit
 k - a +4 ring of protection (right claw)
 s - a ring of willpower
Scrolls
 d - 6 scrolls of identify
 g - a scroll of immolation {unknown}
 i - 3 scrolls of enchant weapon {unknown}
 n - 2 scrolls of teleportation
 q - 2 scrolls of poison {unknown}
 u - a scroll of butterflies {unknown}
Potions
 b - a potion of magic
 c - 2 potions of attraction {unknown}
 e - a potion of invisibility {unknown}
 h - a potion of might {unknown}
 l - 3 potions of flight {unknown}
 m - 2 potions of brilliance {unknown}
 o - 2 potions of curing {unknown}
 p - a potion of cancellation {unknown}
 r - a potion of mutation {unknown}


   Skills:
 + Level 1.9 Fighting
 - Level 1.7 Dodging
 - Level 1.7 Stealth
 + Level 2.9 Spellcasting
 - Level 0.8 Transmutations
 + Level 3.4 Earth Magic


You had 2 spell levels left.
You knew the following spells:

 Your Spells              Type           Power      Damage    Failure   Level
a - Sandblast             Erth           36%        2d10      3%          1
b - Passwall              Tmut/Erth      10%        N/A       8%          2
c - Stone Arrow           Conj/Erth      22%        3d8       17%         3

Your spell library contained the following spells:

 Spells                   Type           Power      Damage    Failure   Level
 Slow                     Hex            12%        N/A       12%         1
 Confusing Touch          Hex            3%         N/A       34%         3
 Gell's Gravitas          Tloc           3%         N/A       34%         3
 Lesser Beckoning         Tloc           3%         N/A       34%         3
 Teleport Other           Tloc           3%         N/A       34%         3
 Vampiric Draining        Necr           3%         2d6       34%         3
 Petrify                  Tmut/Erth      13%        N/A       43%         4


Dungeon Overview and Level Annotations

Branches:
Dungeon (3/15) Zot: 14883

Altars:

Shops:
D:2 ***(=


Innate Abilities, Weirdness & Mutations

You have sharp fingernails.
A weak demonic guardian rushes to your aid.


Message History

You have reached level 4!
You feel stronger.
Your demonic ancestry asserts itself...
You feel the presence of a demonic guardian.
You hit the jackal. You burn the jackal.
You kill the jackal!
A jackal comes into view.
You see here a jackal corpse.
You hit the ball python. You burn the ball python.
You kill the ball python!
The jackal barely misses you.
The jackal bites you but does no damage.
You closely miss the jackal.
The jackal bites you but does no damage.
The jackal bites you.
You slash the jackal! You burn the jackal.
You kill the jackal!
No target in view!
No target in view!
No target in view!
No target in view!
No target in view!
No target in view!
No target in view!
(D) Dungeon
Where to? (Enter - D:2 @ (x,y), ? - help)
What level of the Dungeon? (default 1, ? - help)
You see here a jackal corpse.
There is an open door here.
There is a stone staircase leading up here.
You climb upwards.
There is a stone staircase leading down here.
There is a stone staircase leading up here.
You climb upwards.
There is a stone staircase leading down here.
There is a large open door here.
There is a large open door here.
There is a large open door here.
There is a staircase leading out of the dungeon here.
Are you sure you want to leave the Dungeon?
This will make you lose the game!
You have escaped!

######.#.##########.#.#.#.#
.........................>#######
######.#.##########.#.#.#........
#.#.# #.#.#.#.######. #.#.##
#.#.#.#.# #. ######.#..######
#.#.#.#.# #. ..##.....##....#
#.#.#.#.# #.
..##.#..###.≈≈.####.#.#.#.######.
####.#..'.'.§§.'@##.#.#.#.#......
.....#..'.'.≈§.'.##.#.#.#.#.#####
######.####.≈≈.####.#.#.#.#.#....
.......####....# #.#.#.#.#.#>##.
.##..####.###### #.#.#.#.#.#.##.
..........#########.#.#...#......
###.#####.#.........#.###.###.###
....# #.#.#.#######.#..........
##### #.#.#.........#.#.###.##.


There were no monsters in sight!

Vanquished Creatures
  2 adders
  2 dart slugs (D:2)
  5 ball pythons
  8 bats
  4 endoplasms
  4 giant cockroaches (D:1)
  6 hobgoblins
  3 jackals (D:3)
  A kobold (D:2)
  A quokka (D:1)
  2 frilled lizards (D:3)
  3 goblins
  4 rats
45 creatures vanquished.

Notes
Turn   | Place    | Note
-------+----------+-------------------------------------------
     0 | D:1      | protoss039 the Demonspawn Earth Elementalist began the
                  | quest for the Orb.
     0 | D:1      | Reached XP level 1. HP: 13/13 MP: 3/3
   624 | D:1      | Found a faded altar of an unknown god.
   628 | D:1      | Gained mutation: You have sharp fingernails. [demonic
                  | ancestry]
   628 | D:1      | Reached XP level 2. HP: 18/20 MP: 5/5
   978 | D:1      | Reached skill level 1 in Fighting
   991 | D:1      | Reached skill level 3 in Earth Magic
  1541 | D:1      | Learned a level 2 spell: Passwall
  1593 | D:2      | Reached XP level 3. HP: 26/26 MP: 3/6
  1698 | D:2      | Found Worympas's General Store.
  1705 | D:2      | Bought a scroll of teleportation for 33 gold pieces
  1788 | D:2      | Found Yzeost's General Store.
  1962 | D:2      | Found Wykh's Weapon Shop.
  2167 | D:2      | Found Mauruwn's General Store.
  2175 | D:2      | Bought a scroll of identify for 20 gold pieces
  2357 | D:2      | Identified the +7 hand axe of Plunder {flame, rN+ Int+5}
  2394 | D:2      | Found Nuschoga's Jewellery Shop.
  2515 | D:2      | Learned a level 3 spell: Stone Arrow
  3014 | D:3      | Gained mutation: A weak demonic guardian rushes to your
                  | aid. [demonic ancestry]
  3014 | D:3      | Reached XP level 4. HP: 33/33 MP: 8/8
  3096 | D:$      | Got out of the dungeon alive.

Illustrated notes

Levels and vault maps discovered:
D:1:      lightli_arrival_lavapool, layout_basic, ebering_ecumenical_altar_rust
D:2:      layout_loops_ring, serial_shops, nicolae_shop_trees,
          nicolae_shop_waterfront, nicolae_shop_trees, nicolae_lakefront_shop,
          shop, grunt_ministairs_4
D:3:      kennysheep_goblin_castle, layout_basic, minmay_vboxes

Skill      XL: |  1  2 |
---------------+-------+-----
Fighting       | 1 |  1.9
Earth Magic    | 3 |  3.4
Dodging        | |  1.7
Stealth        | |  1.7
Spellcasting   | |  2.9
Transmutations | |  0.8

Action                   |  1- 3 |  4- 6 || total
-------------------------+-------+-------++-------
Melee: Unarmed           |   140 |       ||   140
       Punch             |     1 |       ||     1
       Hand axe          |    22 |     4 ||    26
 Cast: Sandblast         |    27 |       ||    27
 Stab: Sleeping          |     6 |       ||     6
Armor: Robe              |    75 |     2 ||    77
Dodge: Dodged            |   125 |     1 ||   126
